 Dungeon Crawl Stone Soup version 0.27.0-1-g7a089689b8 (webtiles) character file.

Game seed: 854069751222749073

9 HungrySpirit the Ducker (level 2, 0/22 HPs)
             Began as a Djinni Air Elementalist on July 31, 2021.
             Slain by a jackal (1 damage)
             ... on level 1 of the Dungeon.
             The game lasted 00:01:02 (619 turns).

HungrySpirit the Ducker (Djinni Air Elementalist)    Turns: 619, Time: 00:01:03

Health: 0/22       AC:  5    Str:  7    XL:     2   Next: 25%
Gold:   11         EV: 10    Int: 16    God:
                   SH:  0    Dex: 13

rFire    + + .     SeeInvis .   c - +0 club
rCold    x . .     Faith    .   (no shield)
rNeg     . . .     Spirit   .   d - +0 ring mail
rPois    ∞         Reflect  .   (no helmet)
rElec    .         Harm     .   (no cloak)
rCorr    .         Rampage  .   (no gloves)
Will     .....                  (boots unavailable)
Stlth    +.........             (no amulet)
HPRegen  0.07/turn              (no ring)
MPRegen  0.00/turn              (no ring)

@: flying, very slightly contaminated
A: sickness immunity, fire resistance 2, cold vulnerability 1, float, innate
caster, hp casting, extra vitality 1
a: no special abilities


You were on level 1 of the Dungeon.
You visited 1 branch of the dungeon, and saw 1 of its levels.

You collected 11 gold pieces.

Inventory:

Hand Weapons
 c - a +0 club (weapon)
Armour
 d - a +0 ring mail (worn)
Scrolls
 b - 2 scrolls of identify {unknown}


   Skills:
 + Level 1.0 Fighting
 + Level 0.4 Armour
 + Level 2.6 Dodging
 - Level 1.5 Stealth
 - Level 2.4 Spellcasting


You couldn't memorise any spells.
You knew the following spells:

 Your Spells              Type           Power      Damage    Failure   Level
a - Shock                 Conj/Air       36%        1d5       26%         1
b - Static Discharge      Conj/Air       9%         N/A       36%         2
c - Swiftness             Air            9%         N/A       58%         3
d - Airstrike             Air            4%         N/A       94%         4
Your spell library was empty.

Dungeon Overview and Level Annotations

Branches:
Dungeon (1/15)

Altars:


Innate Abilities, Weirdness & Mutations

You are immune to sickness and miasma.
You are immune to poison.
Your flesh is very heat resistant. (rF++)
You are vulnerable to cold. (rC-)
You float through the air rather than walking.
You learn spells naturally, not from books.
Your magical power is your life essence.
You have superior vitality. (+4 HP)


Message History

* * * LOW HITPOINT WARNING * * *
The jackal bites you but does no damage.
Unknown command.
Unknown command.
Casting: Shock (safe; 26% risk of failure)
Confirm with . or Enter, or press ? or * to list all spells.
Aiming: Shock (safe; 26% risk of failure)
Press: ? - help, Shift-Dir - straight line, f/p - jackal
Aim: a jackal (60% to hit)
You miscast Shock.
Nothing appears to happen.
* * * LOW HITPOINT WARNING * * *
The jackal bites you but does no damage.
Unknown command.
Casting: Shock (safe; 26% risk of failure)
Confirm with . or Enter, or press ? or * to list all spells.
Aiming: Shock (safe; 26% risk of failure)
Press: ? - help, Shift-Dir - straight line, f/p - jackal
Aim: a jackal (60% to hit)
The zap hits the jackal.
The jackal is severely wounded.
* * * LOW HITPOINT WARNING * * *
The jackal bites you but does no damage.
The jackal closely misses you.
The jackal bites you but does no damage.
You miss the jackal.
The jackal is severely wounded.
The jackal bites you but does no damage.
You barely miss the jackal.
The jackal is severely wounded.
The jackal misses you. The jackal barely misses you.
You closely miss the jackal.
The jackal is severely wounded.
The jackal bites you.
* * * LOW HITPOINT WARNING * * *
The jackal bites you but does no damage.
You hit the jackal but do no damage.
The jackal is severely wounded.
The jackal bites you but does no damage.
The jackal bites you.
You die...

#...#..#..#...#
..#.#...#...#..# ............#
.###....##### # #.#...#
############ #..#..##
..........†. #...#..#
#.###.#...## ### #######h#
#.###.#.#.# ..# ######.### #@#
#.##......## ..#
#........###.# #.....#.....
..###.##.........#
#.......####
...##.##.#.#.##..#.###†###.###
#.
..###.##.#.#.##..#.........#
## ..#
#.##.#.......#####.##### #
..###.##>###.##.## ###÷#######
......##.# #.##.# #.........#
'#######.. .....# #....####.#
#


You could see a jackal.

Vanquished Creatures
  3 endoplasms (D:1)
  2 hobgoblins (D:1)
  A jackal (D:1)
  A ball python (D:1)
  A kobold (D:1)
8 creatures vanquished.

Notes
Turn   | Place    | Note
-------+----------+-------------------------------------------
     0 | D:1      | HungrySpirit the Djinni Air Elementalist began the quest
                  | for the Orb.
     0 | D:1      | Reached XP level 1. HP: 15/15 MP: 0/0
   583 | D:1      | Reached XP level 2. HP: 21/22 MP: 0/0
   597 | D:1      | Reached skill level 1 in Fighting
   618 | D:1      | HP: 1/22 [jackal (2)]
   619 | D:1      | Slain by a jackal

Illustrated notes

Levels and vault maps discovered:
D:1:      dpeg_arrival_round_c, layout_loops_corners, dk_noncrumbling_4,
          hangedman_decor_diamond_cutter

Skill      XL: |  1  2 |
---------------+-------+-----
Fighting       | 1 |  1.0
Armour         | |  0.4
Dodging        | |  2.6
Stealth        | |  1.5
Spellcasting   | |  2.4

Action                   || total
-------------------------++-------
Melee: Club              ||    13
 Cast: Shock             ||    17
Armor: Ring mail         ||    11
Dodge: Dodged            ||     9
